 Dungeon Sprint DCSS version 0.26-a0-720-g2a1d101370 (webtiles) character file.

Game seed: 4829052091527971926

16766 mhtbhm the Severer (level 12, -5/123 HPs)
             Began as a Minotaur Fighter on Nov 3, 2020.
             Was the Champion of Okawaru.
             Slain by an earth elemental (23 damage)
             ... summoned by a deep elf mage
             ... in the Dungeon (Sprint VII: "The Pits").
             The game lasted 00:05:42 (2917 turns).

mhtbhm the Severer (Minotaur Fighter)               Turns: 2917, Time: 00:05:42

Health: -5/123     AC: 15    Str: 25    XL:     12   Next: 12%
Magic:  0/10       EV: 15    Int:  7    God:    Okawaru [******]
Gold:   33         SH: 15    Dex: 11    Spells: 11/11 levels left

rFire    . . .     SeeInvis .   a - +2 war axe of the Pure Xenophobes {freeze, rN+ Int+2}
rCold    + . .     Faith    .   c - +0 kite shield
rNeg     + + .     Spirit   .   b - +4 scale mail {rN+}
rPois    +         Reflect  .   (helmet restricted)
rElec    .         Harm     .   q - +0 cloak
rCorr    .         Rampage  .   (no gloves)
MR       .....     NoTele   +   (no boots)
Stlth    ++........             (no amulet)
HPRegen  0.30/turn              (no ring)
MPRegen  0.12/turn              (no ring)

@: no status effects
A: retaliatory headbutt, horns 2, cold resistance 1, low mp 1, poison
resistance, wild magic 1
a: Heroism, Finesse, Renounce Religion


You were in the Dungeon.
You worshipped Okawaru.
Okawaru was exalted by your worship.
You visited 1 branch You collected 33 gold pieces.

Inventory:

Hand Weapons
 a - the +2 war axe of the Pure Xenophobes (weapon) {freeze, rN+ Int+2}
   (You found it in the Dungeon)

   It has been specially enchanted to freeze those struck by it, causing extra
   injury to most foes and up to half again as much damage against particularly
   susceptible opponents.
   It can also slow down cold-blooded creatures.
   It affects your intelligence (+2).
   It protects you from negative energy.
Armour
 b - a +4 scale mail of positive energy (worn)
 c - a +0 kite shield (worn)
 q - a +0 cloak (worn)
Jewellery
 j - an uncursed ring of positive energy
 o - a +3 ring of evasion
 p - a +3 ring of dexterity
 r - an uncursed ring of resist corrosion
 t - an uncursed ring of positive energy
Scrolls
 l - 4 scrolls of remove curse
 m - 5 scrolls of amnesia
 n - a scroll of summoning
 s - 2 scrolls of identify
 u - 2 scrolls of blinking
 v - a scroll of fog
 w - 4 scrolls of enchant weapon
 y - 4 scrolls of enchant armour
Potions
 d - 5 potions of might
 e - 7 potions of curing
 f - 12 potions of heal wounds
 g - 2 potions of haste
 h - 4 potions of magic
 i - 3 potions of berserk rage
 k - a potion of invisibility
 x - 2 potions of resistance


   Skills:
 + Level 16.3 Fighting
 + Level 19.6 Axes
 + Level 12.6 Armour
 + Level 9.9 Dodging
 + Level 8.7 Stealth
 + Level 16.6 Shields
 + Level 2.0 Unarmed Combat
 + Level 1.3 Invocations


You had 11 spell levels left.
You didn't know any spells.
Your spell library was empty.

Dungeon Overview and Level Annotations

Branches:
Dungeon (1/1)

Altars:
Ashenzari
Cheibriados
Dithmenos
Elyvilon
Fedhas
Gozag
Hepliaklqana
Kikubaaqudgha
Makhleb
Nemelex Xobeh
Okawaru
Qazlal
Ru
Sif Muna
Trog
Uskayaw
Vehumet
Wu Jian
Xom
Yredelemnul
Zin
The Shining One
Beogh
Jiyva
Lugonu


Innate Abilities, Weirdness & Mutations

You reflexively headbutt those who attack you in melee.
You have a pair of horns on your head.
Your flesh is cold resistant. (rC+)
Your magical capacity is low. (-10% MP)
Your system is resistant to poisons. (rPois)
Your spells are a little harder to cast, but a little more powerful.


Message History

You slash the purple draconian! You freeze the purple draconian.
The purple draconian hits you but does no damage.
The earth elemental barely misses you.
Unknown command.
You miss something. You headbutt something. You hit the earth elemental.
You hit the earth elemental but do no damage.
You hit the purple draconian.
The purple draconian seems to slow down.
You freeze the purple draconian. Something hits you but does no damage.
Unknown command.
You miss something. You slash the purple draconian!
You freeze the purple draconian. You slash the earth elemental!
You hit the earth elemental. The purple draconian misses you.
You furiously retaliate!
You headbutt the purple draconian, but do no damage.
Something hits you!!
* * * LOW HITPOINT WARNING * * *
You feel your power leaking away. The earth elemental hits you!!
You die...

........''..........#
........''..........#
######..##..#....#..#
#..##..........+ #..##..........+
#..####''####++#
#..####E'####++#########
#..##.EE...##...........
##########..##.#@##.##...........
............##.#{d3.##..#########
............## 'eh#.##..#
#''########## .#[.+ ##..#
#''###########.+[.# #..#
........##..## ##+# #..#
.#......##..# #..# ........''..#
#..# ........)'..##########..#


You could see a purple draconian (slow), a hell hog, a sun demon, a deep elf
demonologist and 3 earth elementals.

Vanquished Creatures
  Kirke (D)
  A merfolk impaler (D)
  An alligator snapping turtle (D)
  A hell hog (D)
  2 sea snakes (D)
  2 unseen horrors (D)
  A flayed ghost (D)
  A phantasmal warrior (D)
  3 orc sorcerers (D)
  An orc knight (D)
  A deep elf mage (D)
  6 elephants (D)
  A black mamba (D)
  A cane toad (D)
  Psyche (D)
  A freezing wraith (D)
  A komodo dragon (D)
  An ice devil (D)
  A guardian mummy (D)
  A red devil (D)
  A jumping spider (D)
  2 merfolk (D)
  An air elemental (D)
  2 redbacks (D)
  A spriggan (D)
  A water elemental (D)
  2 hogs (D)
  A steam dragon (D)
  2 vampire mosquitoes (D)
  A warg (D)
  A small abomination (D)
  An acid dragon (D)
  2 soldier ants (D)
  2 water moccasins (D)
  3 orc warriors (D)
  2 ice beasts (D)
  An eye of draining (D)
  2 ogres (D)
  7 wolves (D)
  A jelly (D)
  Crazy Yiuf (D)
  An orc priest (D)
  2 hell rats (D)
  A worker ant (D)
  A mummy (D)
  3 gnolls (D)
  2 river rats (D)
  A worm (D)
  2 leopard geckos (D)
  5 orcs (D)
  2 bat skeletons (D)
  11 jackals (D)
  2 quokkas (D)
  A frilled lizard (D)
  A kobold (D)
  A rat (D)
102 creatures vanquished.

Vanquished Creatures (others)
  A human (D)
  An acid dragon (D)
  A ball python (D)
3 creatures vanquished.

Grand Total: 105 creatures vanquished

Notes
Turn   | Place    | Note
-------+----------+-------------------------------------------
     0 | D        | mhtbhm the Minotaur Fighter began the quest for the Orb.
     0 | D        | Reached XP level 1. HP: 19/19 MP: 0/0
    17 | D        | Found a bloodstained altar of Trog.
    17 | D        | Found a shimmering blue altar of Sif Muna.
    17 | D        | Found a viscous altar of Jiyva.
    17 | D        | Found a hazy altar of Hepliaklqana.
    17 | D        | Found an opulent altar of Gozag.
    18 | D        | Found a glowing golden altar of the Shining One.
    18 | D        | Found a glowing silver altar of Zin.
    18 | D        | Found a basalt altar of Yredelemnul.
    18 | D        | Found a shimmering altar of Xom.
    18 | D        | Found an ornate altar of the Wu Jian Council.
    18 | D        | Found a sacrificial altar of Ru.
    18 | D        | Found a stormy altar of Qazlal.
    18 | D        | Found an iron altar of Okawaru.
    18 | D        | Found a sparkling altar of Nemelex Xobeh.
    18 | D        | Found a burning altar of Makhleb.
    18 | D        | Found a blossoming altar of Fedhas.
    18 | D        | Found a white marble altar of Elyvilon.
    18 | D        | Found a shadowy altar of Dithmenos.
    18 | D        | Found a snail-covered altar of Cheibriados.
    20 | D        | Found a radiant altar of Vehumet.
    20 | D        | Found a corrupted altar of Lugonu.
    20 | D        | Found a roughly hewn altar of Beogh.
    21 | D        | Found a hide-covered altar of Uskayaw.
    21 | D        | Found an ancient bone altar of Kikubaaqudgha.
    21 | D        | Found a broken altar of Ashenzari.
    26 | D        | Became a worshipper of Warmaster Okawaru
    67 | D        | Noticed a worker ant
    73 | D        | Killed a worker ant
    73 | D        | Reached skill level 5 in Fighting
    73 | D        | Reached skill level 3 in Axes
    73 | D        | Reached skill level 5 in Armour
    73 | D        | Reached skill level 5 in Shields
    73 | D        | Reached XP level 2. HP: 22/29 MP: 1/1
   166 | D        | Reached XP level 3. HP: 34/36 MP: 2/2
   180 | D        | Reached skill level 4 in Axes
   268 | D        | Noticed an orc warrior
   272 | D        | Reached XP level 4. HP: 40/44 MP: 3/3
   274 | D        | Noticed a water moccasin
   286 | D        | Killed an orc warrior
   286 | D        | Reached * piety under Okawaru
   286 | D        | Reached skill level 6 in Axes
   286 | D        | Reached skill level 1 in Dodging
   286 | D        | Reached XP level 5. HP: 41/52 MP: 4/4
   298 | D        | Reached skill level 7 in Axes
   300 | D        | Noticed a wolf
   311 | D        | Killed a water moccasin
   311 | D        | Reached skill level 8 in Axes
   311 | D        | Reached XP level 6. HP: 34/62 MP: 5/5
   322 | D        | Reached skill level 9 in Axes
   512 | D        | Noticed an ice beast
   519 | D        | Killed an ice beast
   519 | D        | Reached ** piety under Okawaru
   519 | D        | Reached skill level 10 in Axes
   522 | D        | Noticed a soldier ant
   529 | D        | Killed a soldier ant
   529 | D        | Reached XP level 7. HP: 58/70 MP: 6/6
   597 | D        | Noticed a phantasmal warrior
   622 | D        | Killed a phantasmal warrior
   622 | D        | Reached skill level 10 in Fighting
   622 | D        | Reached skill level 12 in Axes
   622 | D        | Reached skill level 10 in Shields
   622 | D        | Reached XP level 8. HP: 60/79 MP: 0/7
   628 | D        | Reached *** piety under Okawaru
   663 | D        | Got the +2 war axe of the Pure Xenophobes {freeze, rN+
                  | Int+2}
   760 | D        | Noticed a red devil
   761 | D        | Noticed a deep elf mage
   766 | D        | Killed a red devil
   766 | D        | Reached skill level 13 in Axes
   769 | D        | Killed a deep elf mage
   769 | D        | Reached skill level 14 in Axes
   769 | D        | Reached skill level 10 in Armour
   801 | D        | Reached XP level 9. HP: 85/89 MP: 8/8
   820 | D        | Noticed a sea snake
   827 | D        | Reached **** piety under Okawaru
   827 | D        | Reached skill level 15 in Axes
   833 | D        | Killed a sea snake
   833 | D        | Reached skill level 5 in Dodging
  1063 | D        | Noticed an alligator snapping turtle
  1064 | D        | Noticed a merfolk impaler
  1065 | D        | Noticed a merfolk
  1065 | D        | Noticed a merfolk
  1087 | D        | Killed an alligator snapping turtle
  1087 | D        | Reached ***** piety under Okawaru
  1087 | D        | Reached skill level 16 in Axes
  1087 | D        | Reached skill level 1 in Invocations
  1092 | D        | Killed a merfolk impaler
  1092 | D        | Reached XP level 10. HP: 30/99 MP: 9/9
  1094 | D        | Received a gift from Okawaru
  1094 | D        | Reached skill level 5 in Stealth
  1362 | D        | Noticed a flayed ghost
  1362 | D        | Noticed Kirke
  1371 | D        | Killed a flayed ghost
  1375 | D        | Killed Kirke
  1375 | D        | Reached skill level 17 in Axes
  1378 | D        | Received a gift from Okawaru
  1386 | D        | Got a steaming broad axe {god gift}
  1387 | D        | Identified the +0 broad axe "Xianyxir" {flame, rC+ Dex+4}
                  | (Okawaru gifted it to you in the Dungeon)
  1536 | D        | Reached skill level 1 in Unarmed Combat
  1552 | D        | Noticed an elephant
  1567 | D        | Killed an elephant
  1637 | D        | Killed an unseen horror
  1637 | D        | Reached XP level 11. HP: 93/108 MP: 10/10
  1865 | D        | Reached skill level 18 in Axes
  1872 | D        | Noticed Crazy Yiuf
  1874 | D        | Killed Crazy Yiuf
  1880 | D        | Reached ****** piety under Okawaru
  1936 | D        | Noticed an orc sorcerer
  1937 | D        | Noticed Psyche
  1955 | D        | Killed an orc sorcerer
  1965 | D        | Killed Psyche
  1965 | D        | Received a gift from Okawaru
  1985 | D        | Reached skill level 15 in Fighting
  1985 | D        | Reached skill level 15 in Shields
  2369 | D        | Noticed a sea snake
  2370 | D        | Noticed an orc sorcerer
  2370 | D        | Noticed an orc sorcerer
  2370 | D        | Noticed an orc knight
  2378 | D        | Noticed a sun demon
  2383 | D        | Killed an unseen horror
  2383 | D        | Reached skill level 19 in Axes
  2384 | D        | Killed a sea snake
  2386 | D        | Killed an orc sorcerer
  2387 | D        | Killed an orc sorcerer
  2405 | D        | Reached XP level 12. HP: 36/122 MP: 11/11
  2800 | D        | Gained mutation: Your system is resistant to poisons.
                  | (rPois) [potion of mutation]
  2800 | D        | Gained mutation: Your magical capacity is low. (-10% MP)
                  | [potion of mutation]
  2800 | D        | Gained mutation: Your flesh is cold resistant. (rC+)
                  | [potion of mutation]
  2800 | D        | Gained mutation: Your spells are a little harder to cast,
                  | but a little more powerful. [potion of mutation]
  2898 | D        | Noticed a deep elf demonologist
  2898 | D        | Noticed a hell hog
  2898 | D        | Noticed a hell hog
  2898 | D        | Noticed a hell hog
  2898 | D        | Noticed a purple draconian
  2913 | D        | Killed a hell hog
  2917 | D        | Slain by an earth elemental

Illustrated notes

Levels and vault maps discovered:
D:        pitsprint [storerooms_1, entrance_room_1, metal_vault_2, armoury_1,
          mini_pit_1, grid_room_1, main_hall_1, silver_pit, the_coven_3,
          the_vestibule_1, steel_vault_2, golden_pit, hallway_of_sentries,
          crystal_vault_3, iron_vault_1, final_vault]

Skill      XL: |  1  2  3  4  5  6  7  8  9 10 11 |
---------------+----------------------------------+-----
Fighting       | 5 6 7 8 9 10 11 12 13 16 | 16.3
Axes           | 3 4 6 8 10 12 14 16 17 19 | 19.6
Armour         | 5 6 7 8 9 10 11 12 | 12.6
Shields        | 5 6 7 8 9 10 11 13 16 | 16.6
Dodging        | 1 2 3 4 6 8 9 |  9.9
Stealth        | 4 7 8 |  8.7
Invocations    | 1 |  1.3
Unarmed Combat | 1 2 |  2.0

Action                   |  1- 3 |  4- 6 |  7- 9 | 10-12 || total
-------------------------+-------+-------+-------+-------++-------
Melee: Hand axe          |    27 |    66 |    35 |       ||   128
       War axe           |     1 |       |    41 |   154 ||   196
       Headbutt          |     5 |     9 |    22 |    30 ||    66
       Unarmed           |       |       |       |     2 ||     2
Invok: Heroism           |       |       |     1 |       ||     1
  Use: Potion            |       |     1 |     4 |     8 ||    13
       Scroll            |       |       |       |     1 ||     1
 Stab: Invisible         |       |       |     9 |     1 ||    10
Armor: Scale mail        |    15 |       |     5 |    49 ||    69
       Chain mail        |       |    17 |     4 |       ||    21
Dodge: Dodged            |     5 |    12 |    32 |    60 ||   109
Block: Kite shield       |    17 |    28 |    25 |   105 ||   175

Table legend: (Time is in decaauts)
 A = Elapsed time spent in this place.
 B = Non-inter-level travel time spent in this place.
 C = Inter-level travel time spent in this place.
 D = Time resting spent in this place.
 E = Time spent auto-exploring this place.
 F = Levels seen in this place.
 G = Mean time per level.
                   A        B        C        D        E       F      G
               +--------+--------+--------+--------+--------+-----+--------+
         Total |   2866 |   2866 |      0 |   1669 |     30 |   1 | 2866.0 |
       Dungeon |   2866 |   2866 |      0 |   1669 |     30 |   1 | 2866.0 |
               +--------+--------+--------+--------+--------+-----+--------+

Top non-repeatable levels by time:
       D: 2866 daAuts
